 Dungeon Crawl Stone Soup version 0.25.0-41-g26779e291d (webtiles) character file.

Game seed: 14651758394709211942

18 MisterFreud the Charmwright (level 2, -1/14 HPs)
             Began as a Felid Skald on July 10, 2020.
             Slain by a worker ant zombie (5 damage)
             ... on level 4 of the Dungeon.
             The game lasted 00:01:27 (1316 turns).

MisterFreud the Charmwright (Felid Skald)           Turns: 1316, Time: 00:01:27

Health: -1/14      AC:  1    Str:  7    XL:     2   Next: 51%
Magic:  0/6        EV: 18    Int: 14    God:
Gold:   26         SH:  0    Dex: 15    Spells: 2/5 levels left
                                        Lives:  0   Deaths: 0

rFire    . . .     SeeInvis +     - Unarmed
rCold    . . .     Gourm    .   (shield unavailable)
rNeg     . . .     Faith    .   (armour unavailable)
rPois    .         Spirit   .   (helmet unavailable)
rElec    .         Reflect  .   (cloak unavailable)
rCorr    .         Harm     .   (gloves unavailable)
MR       .....                  (boots unavailable)
Stlth    ++........             (no amulet)
HPRegen  0.04/turn              (no ring)
MPRegen  0.10/turn              (no ring)

@: infused, quick
A: very small, no armour, no weapons or thrown items, stealth, claws 1, fangs 3,
see invisible, carnivore, speed 1, shaggy fur 1, slow metabolism 1, sharp paws
a: no special abilities


You were on level 4 of the Dungeon.
You were completely stuffed.

You visited 1 branch of the dungeon, and saw 3 of its levels.

You collected 26 gold pieces.

Inventory:

Scrolls
 c - a scroll of remove curse {unknown}
 d - 4 scrolls of magic mapping {unknown}
Potions
 a - a potion of haste {unknown}
Comestibles
 b - a ration
 f - 5 chunks of flesh


   Skills:
 - Level 3.0 Fighting
 - Level 3.2 Dodging
 + Level 0.8 Stealth
 + Level 2.1 Unarmed Combat
 - Level 2.0 Spellcasting
 - Level 3.6 Charms


You had 2 spell levels left.
You knew the following spells:

 Your Spells              Type           Power        Failure   Level  Hunger
a - Infusion              Chrm           ##..         5%          1    ##.....
b - Shroud of Golubria    Chrm/Tloc      #.....       17%         2    ###....

Your spell library contained the following spells:

 Spells                   Type           Power        Failure   Level  Hunger
 Song of Slaying          Chrm           ##......     9%          2    ###....
 Ozocubu's Armour         Chrm/Ice       #.......     34%         3    ####...
 Spectral Weapon          Hex/Chrm       Unusable     N/A         3    N/A

Dungeon Overview and Level Annotations

Branches:
Dungeon (2/15)

Altars:


Innate Abilities, Weirdness & Mutations

You cannot wear armour.
You are incapable of wielding weapons or throwing items.
Your paws allow you to move quietly. (Stealth)
You have sharp claws.
You have razor-sharp teeth.
You have supernaturally acute eyesight. (SInv)
You are carnivorous and can eat meat at any time.
You cover ground quickly.
You are covered in fur. (AC +1)
You have a slow metabolism.
Your sharp claws are effective at attacking unaware monsters.


Message History

You scratch the worker ant zombie.
The worker ant zombie is moderately damaged.
The worker ant zombie completely misses you.
You scratch the worker ant zombie.
The worker ant zombie is moderately damaged.
The worker ant zombie misses you.
You scratch the worker ant zombie.
The worker ant zombie is moderately damaged.
The worker ant zombie closely misses you.
You scratch the worker ant zombie.
The worker ant zombie is heavily damaged.
The worker ant zombie closely misses you.
You scratch the worker ant zombie.
The worker ant zombie is severely damaged.
The worker ant zombie bites you.
* * * LOW HITPOINT WARNING * * *
You scratch the worker ant zombie but do no damage.
The worker ant zombie is severely damaged.
The worker ant zombie bites you.
You die...

...............###...##
.............(.#........
...............#........
...........##...........
..........#.#.#......#.#
#.........#.......#.####
...............##.###
.................##
......^@Z##......#
.........####.#.##
.........# #.###
.........# ###
........## .....####
....# ##..


You could see a worker ant zombie.

Vanquished Creatures
  A leopard gecko (D:1)
  A hobgoblin (D:1)
  3 jackals (D:2)
  2 frilled lizards (D:1)
  3 goblins (D:1)
  5 kobolds (D:1)
  3 rats (D:1)
18 creatures vanquished.

Notes
Turn   | Place    | Note
-------+----------+-------------------------------------------
     0 | D:1      | MisterFreud the Felid Skald began the quest for the Orb.
     0 | D:1      | Reached XP level 1. HP: 9/9 MP: 4/4
   699 | D:1      | Reached XP level 2. HP: 9/13 MP: 3/6
  1178 | D:1      | Learned a level 2 spell: Shroud of Golubria
  1281 | D:2      | You fall into a shaft and drop 2 floors!
  1316 | D:4      | Slain by a worker ant zombie

Illustrated notes

Levels and vault maps discovered:
D:1:      nicolae_arrival_memento_mori, layout_loops_corners
D:2:      layout_loops_ring, nicolae_gozag_seed_capital, lemuel_doored_altar,
          uniq_crazy_yiuf_cottage
D:4:      layout_cave_pools, grunt_temple_overflow_holy_war, zin_purify,
          lemuel_crystal_altar

Skill      XL: |  1  2 |
---------------+-------+-----
Fighting       | 3 |  3.0
Dodging        | |  3.2
Stealth        | |  0.8
Unarmed Combat | |  2.1
Spellcasting   | |  2.0
Charms         | |  3.6

Action                   || total
-------------------------++-------
Melee: Unarmed           ||    56
       Bite              ||     4
 Cast: Infusion          ||     9
       Shroud of Golubri ||     1
 Stab: Sleeping          ||     1
  Eat: Chunk             ||     8
Dodge: Dodged            ||    49
